 Dungeon Crawl Stone Soup version 0.28-a0-8-g6e044cfa68 (webtiles) character file.

Game seed: 10958747136948578513

9 nelgraf2 the Ruffian (level 2, -1/23 HPs)
             Began as a Draconian Transmuter on July 24, 2021.
             Slain by Terence (4 damage)
             ... on level 2 of the Dungeon.
             The game lasted 00:01:30 (883 turns).

nelgraf2 the Ruffian (Draconian Transmuter)          Turns: 883, Time: 00:01:30

Health: -1/23      AC:  4    Str: 12    XL:     2   Next: 3%
Magic:  3/5        EV: 12    Int: 13    God:
Gold:   35         SH:  0    Dex: 11    Spells: 4/5 levels left

rFire   . . .      SeeInvis .     - Unarmed
rCold   . . .      Faith    .   (no shield)
rNeg    . . .      Spirit   .   (armour unavailable)
rPois   .          Reflect  .   (helmet currently unavailable)
rElec   .          Harm     .   (no cloak)
rCorr   .          Rampage  .   (no gloves)
Will    .....                   (boots currently unavailable)
Stlth   +.........              (no amulet)
HPRegen 0.07/turn               (no ring)
MPRegen 0.09/turn               (no ring)

@: appendages
A: horns 2, talons 2, AC +4, unfitting armour, cold-blooded
a: End Transformation


You were on level 2 of the Dungeon.
You had temporarily grown beastly horns and talons.
You visited 1 branch of the dungeon, and saw 2 of its levels.

You collected 35 gold pieces.

Inventory:

Missiles
 b - 6 atropa-tipped darts (quivered)
Scrolls
 a - 2 scrolls of identify {unknown}
 c - a scroll of teleportation {unknown}
 d - a scroll of fear {unknown}
Potions
 e - a potion of attraction {unknown}


   Skills:
 + Level 1.1 Fighting
 + Level 2.1 Dodging
 + Level 3.2 Unarmed Combat
 + Level 2.0 Spellcasting
 + Level 2.1 Transmutations


You had 4 spell levels left.
You knew the following spells:

 Your Spells              Type           Power      Damage    Failure   Level
a - Beastly Appendage     Tmut           12%        N/A       11%         1

Your spell library contained the following spells:

 Spells                   Type           Power      Damage    Failure   Level
 Wereblood                Tmut           6%         N/A       16%         2
 Spider Form              Tmut/Pois      2%         N/A       45%         3
 Ice Form                 Ice/Tmut       4%         N/A       86%         4


Dungeon Overview and Level Annotations

Branches:
Dungeon (2/15)

Altars:

Annotations:
D:2 Robin, Terence


Innate Abilities, Weirdness & Mutations

You have temporarily grown beastly horns and talons.
Your plain brown scales are hard. (AC +4)
You cannot fit into any form of body armour.
You are cold-blooded and may be slowed by cold attacks.


Message History

Robin of the Strong Arm comes into view.
They are wielding a +0 dagger of venom.
Found 10 gold pieces.
The giant cockroach bites you but does no damage.
Robin roars a battlecry!
The goblins go into a battle-frenzy!
You hear a shout!
The giant cockroach misses you. The giant cockroach bites you.
An endoplasm comes into view.
Found 4 gold pieces.
The endoplasm quivers.
The giant cockroach bites you.
* * * LOW HITPOINT WARNING * * *
The giant cockroach misses you.
You see here 4 gold pieces.
The giant cockroach barely misses you.
The giant cockroach bites you but does no damage.
The giant cockroach barely misses you.
Casting: Beastly Appendage (safe; 11% risk of failure)
Confirm with . or Enter, or press ? or * to list all spells.
You grow a pair of large bovine horns.
Your feet morph into talons.
The giant cockroach bites you but does no damage.
You are too injured to fight recklessly!
You are too injured to fight recklessly!
You are too injured to fight recklessly!
You are too injured to fight recklessly!
You barely miss the giant cockroach. You claw the giant cockroach.
You headbutt the giant cockroach.
You kill the giant cockroach!
You have reached level 2!
You hit Terence but do no damage. You headbutt Terence.
Your tail-slap misses Terence.
Terence is moderately wounded.
Terence says, "Don't bother to defend, it's useless."
Terence hits you with a +1 mace of protection.
* * * LOW HITPOINT WARNING * * *
You barely miss Terence. You claw Terence, but do no damage.
Terence is moderately wounded.
Terence hits you with a +1 mace of protection.
You die...

#### ####
#.. .###...
#.#
.......##.#
# #...@@.#
.## ######J#
....
#.#####.....
#.J.J...#
####K####
#.# #K# ###.
#g####....$
#.g......#


You could see Terence and an endoplasm.

Vanquished Creatures
  2 giant cockroaches
  A goblin (D:1)
  A hobgoblin (D:1)
  A quokka (D:1)
  2 frilled lizards (D:1)
  A rat (D:1)
8 creatures vanquished.

Vanquished Creatures (others)
  A fungus (D:1)
  A plant (D:1)
2 creatures vanquished.

Grand Total: 10 creatures vanquished

Notes
Turn   | Place    | Note
-------+----------+-------------------------------------------
     0 | D:1      | nelgraf2 the Draconian Transmuter began the quest for the
                  | Orb.
     0 | D:1      | Reached XP level 1. HP: 16/16 MP: 3/3
   575 | D:1      | Found a faded altar of an unknown god.
   852 | D:2      | Noticed Terence
   863 | D:2      | Noticed Robin
   882 | D:2      | Reached XP level 2. HP: 7/23 MP: 3/5
   883 | D:2      | Slain by Terence

Illustrated notes

Levels and vault maps discovered:
D:1:      dpeg_arrival_rooms_a, layout_basic,
          shapermc_ecumenical_altar_hornbeckon
D:2:      layout_loops_ring, uniq_robin, uniq_terence, uniq_sigmund

Skill      XL: |  1 |
---------------+----+-----
Dodging        | 2 |  2.1
Fighting       | |  1.1
Unarmed Combat | |  3.2
Spellcasting   | |  2.0
Transmutations | |  2.1

Action                   || total
-------------------------++-------
Melee: Unarmed           ||    18
       Kick              ||     6
       Headbutt          ||     5
 Cast: Beastly Appendage ||     7
Armor: Skin              ||     8
Dodge: Dodged            ||    17

Table legend: (Time is in decaauts)
 A = Elapsed time spent in this place.
 B = Non-inter-level travel time spent in this place.
 C = Inter-level travel time spent in this place.
 D = Time resting spent in this place.
 E = Time spent auto-exploring this place.
 F = Levels seen in this place.
 G = Mean time per level.
                   A        B        C        D        E       F      G
               +--------+--------+--------+--------+--------+-----+--------+
         Total |    887 |    854 |     33 |      0 |    769 |   2 |  443.5 |
       Dungeon |    887 |    854 |     33 |      0 |    769 |   2 |  443.5 |
               +--------+--------+--------+--------+--------+-----+--------+

Top non-repeatable levels by time:
     D:1: 855 daAuts
     D:2: 32 daAuts
